 Dungeon Crawl Stone Soup version 0.30-b1-2-g02819fbbbe (webtiles) character file.

Game seed: 13783523824768270898

393 suse60 the Covert (level 6, -4/44 HPs)
             Began as an Octopode Delver on June 13, 2023.
             Slain by an ogre
             ... wielding a +0 giant spiked club
              (30 damage)
             ... on level 5 of the Dungeon on June 14, 2023.
             The game lasted 00:24:12 (3253 turns).

suse60 the Covert (Octopode Delver)                 Turns: 3253, Time: 00:24:13

Health: -4/44      AC:  1    Str: 14    XL:     6   Next: 81%
Magic:  2/2        EV: 14    Int: 12    God:
Gold:   260        SH:  0    Dex: 13    Spells: 5/5 levels left

rFire   + + .        s - +6 dagger of Valiance {antimagic, rF++}
rCold   . . .        (no shield)
rNeg    . . .        (helmet restricted)
rPois   .            (no amulet)
rElec   .            (no ring)
rCorr   .            (no ring)
SInv    .            (no ring)
Will    .....        (no ring)
Stlth   +++++        (no ring)
HPRegen 0.27/turn    (no ring)
MPRegen 0.08/turn    (no ring)
                     (no ring)

%: no passive effects
@: no status effects
A: almost no armour, amphibious, 8 rings, camouflage 1, gelatinous body 1,
(nimble swimmer 1), tentacles
a: no special abilities


You were on level 5 of the Dungeon.
You visited 1 branch of the dungeon, and saw 5 of its levels.

You collected 286 gold pieces.
You spent 26 gold pieces at shops.

Inventory:

Hand Weapons
 a - a +0 short sword
 s - the +6 dagger of Valiance (weapon) {antimagic, rF++}
   (You found it on level 2 of the Dungeon)

   rF:        It greatly protects you from fire.
Missiles
 k - 4 poisoned darts
 o - 2 atropa-tipped darts (quivered)
Magical Staves
 j - a staff of air
 n - a staff of earth
Wands
 f - a wand of digging (2)
Scrolls
 b - a scroll of fog
 c - a scroll of magic mapping
 d - 3 scrolls of fear
 t - a scroll of silence
 u - a scroll of butterflies
Potions
 e - a potion of haste
 g - 2 potions of lignification
 h - a potion of flight {unknown}
 i - a potion of mutation
 l - a potion of curing {unknown}
 m - a potion of cancellation {unknown}
 p - 2 potions of heal wounds
 q - a potion of resistance {unknown}
 r - a potion of degeneration {unknown}


   Skills:
 + Level 4.7 Fighting
 - Level 2.3 Short Blades
 + Level 4.0 Dodging
 + Level 8.5 Stealth
 - Level 1.4 Air Magic


You had 5 spell levels left.
You didn't know any spells.
Your spell library was empty.

Dungeon Overview and Level Annotations

Branches:
Dungeon (5/15)
 Temple: D:4-7

Altars:
Ashenzari
Zin

Shops:
D:5 *(*[


Innate Abilities, Weirdness & Mutations

You cannot wear most types of armour.
You are amphibious.
You can wear up to eight rings at the same time.
Your skin changes colour to match your surroundings (Stealth+).
Your rubbery body absorbs attacks. (AC +1, EV +1)
((You are camouflaged when in or above water. (Stealth+)))
You have tentacles for arms and can constrict up to eight enemies at once.


Message History

You now have 275 gold pieces (gained 14).
An iguana is nearby!
You catch the helpless iguana completely off-guard!
You impale the iguana!!
You kill the iguana!
An acid dragon comes into view.
The helpless acid dragon fails to defend itself.
You stick the acid dragon like a pincushion!!!
You kill the acid dragon!
Your Dodging skill increases to level 4!
You now have 286 gold pieces (gained 11).
Found Ororudau's General Store.
There is an entrance to Ororudau's General Store here.
v - a scroll of identify Thank you for shopping at Ororudau's General Store!
As you read the scroll of identify, it crumbles to dust.
p - 2 potions of heal wounds
Found a stone staircase leading up.
A scorpion and an ogre come into view.
The ogre shouts!
You see here a book of Scorching.
Throw: 4 darts (atropa)
Press: ? - help, Q - select action, (/) - cycle Shift-Dir - straight line, f - ogre
Aim: an ogre, wielding a +0 giant spiked club (74% to hit, chance to blind on hit: 70%)
You throw an atropa-tipped dart.
The atropa-tipped dart closely misses the ogre.
Throw: 3 darts (atropa)
Press: ? - help, Q - select action, (/) - cycle Shift-Dir - straight line, f/p - ogre
Aim: an ogre, wielding a +0 giant spiked club (74% to hit, chance to blind on hit: 67%)
You throw an atropa-tipped dart.
The atropa-tipped dart barely misses the ogre.
You barely miss the ogre.
The ogre hits you with a +0 giant spiked club!!
You hit the ogre.
The ogre is lightly wounded.
You puncture the ogre! You squeeze the ogre.
The ogre is heavily wounded.
The ogre hits you with a +0 giant spiked club!!
Ouch! That really hurt!
You die...

####### #..#.@# .
#....O## ..
##...s.#...
####.........
#.###........
###.........(...
#######......#.....###
##..#.#...#.#.##...<.#
##.......♣♣♣♣♣♣♣....##


You could see an ogre and a scorpion.

Vanquished Creatures
  An acid dragon (D:5)
  A gnoll sergeant (D:4)
  2 iguanas
  5 gnolls (D:4)
  4 adders
  2 worms
  6 dart slugs
  3 orcs (D:2)
  6 endoplasms
  3 giant cockroaches
  8 goblins
  6 hobgoblins
  2 jackals (D:1)
  A quokka (D:1)
  7 ball pythons
  4 bats
  3 frilled lizards
  6 kobolds
  5 rats
75 creatures vanquished.

Notes
Turn   | Place    | Note
-------+----------+-------------------------------------------
     0 | D:5      | suse60 the Octopode Delver began the quest for the Orb.
     0 | D:5      | Reached XP level 1. HP: 16/16 MP: 1/1
     5 | D:5      | Found a broken altar of Ashenzari.
    11 | D:5      | Noticed a black bear
    17 | D:5      | Noticed a hound
    25 | D:5      | Found Wihytav's Weapon Shop.
    35 | D:5      | Found Hantukh's General Store.
    41 | D:5      | Noticed a scorpion
    41 | D:5      | Noticed an iguana
    76 | D:4      | Found a glowing silver altar of Zin.
   164 | D:4      | Reached XP level 2. HP: 16/21 MP: 2/2
   271 | D:2      | Reached XP level 3. HP: 26/26 MP: 3/3
   298 | D:2      | Reached skill level 7 in Stealth
   599 | D:1      | Reached XP level 4. HP: 31/31 MP: 4/4
   626 | D:1      | Reached skill level 1 in Air Magic
  1451 | D:2      | Found a faded altar of an unknown god.
  1456 | D:2      | Identified the +6 dagger of Valiance {antimagic, rF++}
  2513 | D:4      | Found Keresaspa's Dragon-Slaying Spoils.
  2579 | D:4      | Reached XP level 5. HP: 37/37 MP: 1/5
  2790 | D:4      | Reached XP level 6. HP: 43/43 MP: 2/6
  2818 | D:4      | Reached skill level 8 in Stealth
  3174 | D:5      | Noticed an acid dragon
  3182 | D:5      | Killed an acid dragon
  3219 | D:5      | Found Ororudau's General Store.
  3227 | D:5      | Bought a scroll of identify for 26 gold pieces
  3253 | D:5      | Slain by an ogre

Illustrated notes

Levels and vault maps discovered:
D:1:      dpeg_arrival_boxes_within_box, layout_basic, minmay_unequal
D:2:      layout_basic, basic_ecumenical_altar
D:3:      layout_basic
D:4:      layout_rooms, zin_treasury, nicolae_shop_dragon_depot
D:5:      layout_cave_pools, mainiacjoe_overflow_catwalk, lemuel_round_altar,
          tso_oasis_becter, serial_shops, shop_fountains,
          nicolae_shop_peninsula, nicolae_shop_rolling_square, shop,
          nicolae_square_shop

Skill      XL: |  1  2  3  4  5  6 |
---------------+-------------------+-----
Stealth        | 7 8 |  8.5
Air Magic      | 1 |  1.4
Dodging        | 3 4 |  4.0
Fighting       | 4 |  4.7
Short Blades   | |  2.3

Action                     |  1- 3 |  4- 6 || total
---------------------------+-------+-------++-------
  Melee: Short sword       |    42 |    31 ||    73
         Tentacles         |     7 |    10 ||    17
         Constrict         |     8 |    12 ||    20
         Dagger            |       |    51 ||    51
         Punch             |       |     1 ||     1
  Throw: Dart              |       |    19 ||    19
  Evoke: Wand              |       |     1 ||     1
    Use: Scroll            |     2 |     9 ||    11
   Stab: Sleeping          |    14 |    23 ||    37
         Distracted        |       |     2 ||     2
         Invisible         |       |     1 ||     1
 Armour: Skin              |       |     4 ||     4
  Dodge: Dodged            |    16 |    24 ||    40
